 Dungeon Crawl Stone Soup version 0.31-a0-75-g6fe912e8c5 (webtiles) character file.

Game seed: 7817544422859540676

723 lunkers the Spear-Bearer (level 8, -3/57 HPs)
             Began as a Meteoran Wanderer on May 23, 2023.
             Slain by a bullfrog (4 damage)
             ... on level 6 of the Dungeon.
             The game lasted 00:06:22 (1997 turns).

lunkers the Spear-Bearer (Meteoran Wanderer)        Turns: 1997, Time: 00:06:22

Health: -3/57      AC:  3    Str: 14    XL:     8   Next: 22%
Magic:  9/9        EV: 12    Int: 13    God:
Gold:   150        SH:  0    Dex: 16    Spells: 7/7 levels left

rFire   + . .        a - +0 trident
rCold   . . .        (no shield)
rNeg    . . .        e - +0 robe
rPois   .            (no helmet)
rElec   .            c - +0 cloak
rCorr   .            (no gloves)
SInv    .            (no boots)
Will    ++...        q - amulet of the acrobat
Stlth   +            g - ring of protection from fire
HPRegen 0.29/turn    k - ring of willpower
MPRegen 0.11/turn

%: acrobat
@: lethally poisoned (-3 -> -17), glowing
A: sense surroundings 1, otherworldly, glowing, explore regen
a: no special abilities


You were on level 6 of the Dungeon.
You visited 1 branch of the dungeon, and saw 6 of its levels.

You collected 150 gold pieces.

Inventory:

Hand Weapons
 a - a +0 trident (weapon)
 b - a +0 falchion
Armour
 c - a +0 cloak (worn)
 e - a +0 robe (worn)
 t - a +0 robe of fire resistance
Jewellery
 g - a ring of protection from fire (left hand)
 k - a ring of willpower (right hand)
 m - the amulet of Edyexad {Faith Contam rPois rF++ rCorr}
   (You found it on level 3 of the Dungeon)

   [amulet of faith]

   It allows you to gain divine favour quickly.
   rF:        It greatly protects you from fire.
   rPois:     It protects you from poison.
   Contam:    It causes magical contamination when unequipped.
   rCorr:     It protects you from acid and corrosion.
 q - an amulet of the acrobat (around neck)
Wands
 h - a wand of light (2)
 r - a wand of paralysis (12)
Scrolls
 d - 3 scrolls of teleportation
 s - a scroll of amnesia
 u - a scroll of fog
Potions
 f - 4 potions of heal wounds
 i - a potion of resistance
 j - a potion of brilliance
 l - a potion of attraction
 n - 2 potions of haste {unknown}
 o - a potion of mutation {unknown}
 p - a potion of curing {unknown}


   Skills:
 - Level 1.2 Long Blades
 + Level 11.0 Polearms
 - Level 1.2 Armour
 - Level 2.4 Dodging
 - Level 1.0 Stealth
 - Level 1.2 Evocations


You had 7 spell levels left.
You didn't know any spells.
Your spell library contained the following spells:

 Spells                   Type           Power      Damage    Failure   Level
 Apportation              Tloc           0%         N/A       30%         1
 Beastly Appendage        Tmut           0%         N/A       30%         1
 Necrotise                Necr           0%         1d4       30%         1
 Sandblast                Erth           0%         2d4       30%         1
 Sting                    Tmut/Pois      0%         1d3       30%         1
 Summon Small Mammal      Summ           0%         N/A       30%         1
 Blink                    Tloc           0%         N/A       43%         2
 Lesser Beckoning         Tloc           0%         N/A       43%         2
 Momentum Strike          Conj/Tloc      0%         3d8       43%         2
 Passwall                 Tmut/Erth      0%         N/A       43%         2
 Poisonous Vapours        Pois/Air       0%         N/A       43%         2
 Static Discharge         Conj/Air       0%         2-2/arc   43%         2
 Wereblood                Tmut           0%         N/A       43%         2
 Spider Form              Tmut/Pois      0%         N/A       67%         3
 Stone Arrow              Conj/Erth      0%         3d7       67%         3
 Vampiric Draining        Necr           0%         2d6       67%         3
 Airstrike                Air            0%         2d(0-16)  97%         4
 Olgreb's Toxic Radiance  Pois           0%         N/A       97%         4
 Summon Lightning Spire   Summ/Air       0%         N/A       97%         4
 Agony                    Necr           0%         N/A       100%        5


Dungeon Overview and Level Annotations

Branches:
Dungeon (6/15) Zot: 1636
 Temple: D:4-7

Altars:
Ru


Innate Abilities, Weirdness & Mutations

You passively map a small area around you.
You are easily found by Zot.
You glow in the dark.
You regain HP and MP as you explore.


Message History

Aim: a scorpion (heavily wounded, about 36% to evade your +0 trident)
You hit the scorpion.
The scorpion is severely wounded.
The scorpion stings you.
* * * LOW HITPOINT WARNING * * *
You are poisoned.
The scorpion poisons you! The bullfrog closely misses you.
Reach: a) +0 trident
Press: ? - help, Dir - move target, f/p - scorpion
Aim: a scorpion (severely wounded, about 36% to evade your +0 trident)
You hit the scorpion but do no damage.
The scorpion is severely wounded.
You feel very sick. The scorpion stings you.
* * * LOW HITPOINT WARNING * * *
You are lethally poisoned!
The scorpion poisons you!
The bullfrog hits you but does no damage.
Reach: a) +0 trident
Press: ? - help, Dir - move target, f/p - scorpion
Aim: a scorpion (severely wounded, about 36% to evade your +0 trident)
You barely miss the scorpion.
The scorpion is severely wounded.
* * * LOW HITPOINT WARNING * * *
You feel very sick. The bullfrog hits you.
* * * LOW HITPOINT WARNING * * *
The scorpion stings you but does no damage.
Unknown command.
Reach: a) +0 trident
Press: ? - help, Dir - move target, f/p - scorpion
Aim: a scorpion (severely wounded, about 36% to evade your +0 trident)
You hit the scorpion but do no damage.
The scorpion is severely wounded.
* * * LOW HITPOINT WARNING * * *
You feel very sick. The bullfrog barely misses you.
The scorpion closely misses you.
The bullfrog releases a deep croak.
The bullfrog hits you.
You die...

, , * , ** * ,# ##..#
.# ##...#### ######.#
##....... , , #...#..#
##.......## **
##.#....####.........#
*
...........+.........+
###.#...####)..Fs....#
* #.# .## #...@...#*
#.#* # ##.....## #.#
##...## #.# ##'## *
#.# #.# #.##########
#.# #..........###.##
* , #######.........##
, #.##.#.....#


You could see a bullfrog and a scorpion.

Vanquished Creatures
  Eustachio (D:4)
  2 ogres (D:4)
  A phantom (D:5)
  A scorpion (D:4)
  A howler monkey (D:4)
  An orc priest (D:5)
  2 orc wizards (D:5)
  A sleepcap (D:5)
  6 adders
  An ufetubus (D:5)
  A worm (D:3)
  9 orcs
  6 ball pythons
  7 endoplasms
  2 giant cockroaches
  2 goblins
  8 hobgoblins
  8 jackals
  3 quokkas
  4 bats
  2 frilled lizards
  4 kobolds
  3 rats
76 creatures vanquished.

Notes
Turn   | Place    | Note
-------+----------+-------------------------------------------
     0 | D:1      | lunkers the Meteoran Wanderer began the quest for the Orb.
     0 | D:1      | lunkers set off with the following items: a +0 trident, a
                  | +0 falchion, a +0 cloak, a scroll of teleportation, a +0
                  | robe.
     0 | D:1      | Reached XP level 1. HP: 14/14 MP: 2/2
    37 | D:1      | Reached skill level 5 in Polearms
    62 | D:1      | Reached XP level 2. HP: 20/20 MP: 3/3
   106 | D:1      | Reached XP level 3. HP: 8/26 MP: 4/4
   141 | D:1      | You fall into a shaft and drop 1 floor!
   335 | D:2      | Reached skill level 6 in Polearms
   413 | D:2      | Reached XP level 4. HP: 18/33 MP: 5/5
   691 | D:3      | Found a sacrificial altar of Ru.
   735 | D:3      | Identified the amulet of Edyexad {Faith Contam rPois rF++
                  | rCorr}
  1035 | D:4      | Noticed Eustachio
  1035 | D:4      | Noticed a scorpion
  1081 | D:4      | Reached skill level 7 in Polearms
  1081 | D:4      | Reached XP level 5. HP: 30/38 MP: 6/6
  1096 | D:4      | Killed Eustachio
  1097 | D:4      | Reached skill level 8 in Polearms
  1097 | D:4      | Reached XP level 6. HP: 21/45 MP: 7/7
  1134 | D:4      | Noticed an ogre
  1144 | D:4      | Killed an ogre
  1145 | D:4      | Reached skill level 9 in Polearms
  1145 | D:4      | Reached XP level 7. HP: 44/50 MP: 8/8
  1277 | D:4      | Reached skill level 10 in Polearms
  1492 | D:5      | Entered Level 5 of the Dungeon
  1699 | D:5      | Reached XP level 8. HP: 52/57 MP: 9/9
  1781 | D:5      | Reached skill level 11 in Polearms
  1997 | D:6      | HP: 1/57 [poisoned by a scorpion]
  1997 | D:6      | Slain by a bullfrog

Illustrated notes

Levels and vault maps discovered:
D:1:      psy_arrival_spokes, layout_rooms
D:2:      layout_loops_corners, minmay_tree_intersection
D:3:      layout_basic, nicolae_ru_path_of_blood,
          nicolae_hepliaklqana_hippocampus, mainiacjoe_overflow_alcove_2,
          minmay_misc_feat_secret_circle
D:4:      layout_rooms, minmay_misc_feat_five, uniq_eustachio
D:5:      layout_basic, mainiacjoe_overflow_boulevard
D:6:      layout_loops_corners, old_standard_altar,
          minmay_temple_entry_poolview, minmay_liquid_box

Skill      XL: |  1  2  3  4  5  6  7  8 |
---------------+-------------------------+-----
Polearms       | 5 6 7 8 9 10 11 | 11.0
Long Blades    | |  1.2
Armour         | |  1.2
Dodging        | |  2.4
Stealth        | |  1.0
Evocations     | |  1.2

Action                     |  1- 3 |  4- 6 |  7- 9 || total
---------------------------+-------+-------+-------++-------
  Melee: Trident           |    64 |    93 |   138 ||   295
         Punch             |     1 |       |     2 ||     3
    Use: Scroll            |       |     7 |     2 ||     9
         Potion            |       |     1 |       ||     1
   Stab: Sleeping          |     1 |       |       ||     1
 Armour: Robe              |    25 |    32 |    29 ||    86
  Dodge: Dodged            |    26 |    29 |    45 ||   100

Table legend: (Time is in decaauts)
 A = Elapsed time spent in this place.
 B = Non-inter-level travel time spent in this place.
 C = Inter-level travel time spent in this place.
 D = Time resting spent in this place.
 E = Time spent auto-exploring this place.
 F = Levels seen in this place.
 G = Mean time per level.
                   A        B        C        D        E       F      G
               +--------+--------+--------+--------+--------+-----+--------+
         Total |   1963 |   1924 |     39 |      0 |   1230 |   6 |  327.2 |
       Dungeon |   1963 |   1924 |     39 |      0 |   1230 |   6 |  327.2 |
               +--------+--------+--------+--------+--------+-----+--------+

Top non-repeatable levels by time:
     D:3: 509 daAuts
     D:4: 446 daAuts
     D:2: 382 daAuts
     D:5: 346 daAuts
     D:1: 142 daAuts
     D:6: 136 daAuts
